Map: New Gettysburg LE

Players

Gracz

  • Race: Terran Terran
  • League: Bronze

Benoit - Winner!

  • Race: Terran Terran
  • League: Silver

VOD

Have the link to the VOD?

Description

Time

  • Played on: Aug. 27, 2016, 6:58 p.m.
  • Length: 29:30
Show
View Real Time Build Order
Export as new Build Order

Gracz Terran 

Build Orders: Reaper Expand 

Get SALT Encoding   

  12  0:05  SCV  
  13  0:17  SCV  
  13  0:21  Supply Depot  
  14  0:29  SCV  
  14  0:32  Refinery  
  15  0:48  Barracks  
  15  0:53  SCV  
  16  1:05  SCV  
  17  1:22  Supply Depot  
  17  1:26  SCV  
  18  1:40  Orbital Command  
  18  1:42  Reaper  
  19  2:09  Barracks  
  19  2:14  Barracks Reactor  
  19  3:28  Engineering Bay  
  19  3:30  Barracks Reactor  
  19  3:39  Engineering Bay, Command Center  
  19  3:47  Refinery, SCV  
  20  3:54  Barracks  
  20  3:56  Factory  
  20  3:58  Terran Infantry Weapons Level 1  
  20  3:59  SCV  
  21  4:04  Terran Infantry Armor Level 1  
  21  4:11  SCV  
  21  4:14  Supply Depot  
  21  5:06  SCV  
  22  5:12  Starport  
  22  5:13  Factory Tech Lab  
  22  5:15  Barracks Reactor  
  22  5:17  Starport  
  22  5:18  SCV  
  23  5:30  SCV  
  23  5:33  SCV  
  26  5:42  SCV  
  26  5:45  SCV  
  27  5:52  Marine x6  
  27  5:54  SCV  
  35  5:57  SCV  
  35  5:58  Building Armor  
  35  6:09  Marine  
  35  6:10  Marine x5  
  41  6:12  Starport Tech Lab x2  
  41  6:27  Marine  
  41  6:28  Marine x5  
  47  6:35  Medivac x2  
  51  6:45  Marine, Orbital Command  
  51  6:46  Marine x2  
  54  6:53  Marine x3  
  57  6:57  Supply Depot  
  57  7:10  Armory  
  57  7:31  Cloaking Field, High Capacity Fuel Tanks  
  57  7:35  SCV  
  58  7:37  Refinery  
  58  7:47  SCV  
  59  7:59  SCV  
  59  8:04  Terran Vehicle And Ship Armor Level 1  
  60  8:09  Marauder  
  60  8:11  SCV, Stimpack  
  63  8:14  Marine x4  
  67  8:28  Banshee  
  70  8:37  Marauder  
  70  8:39  Refinery  
  72  8:58  Marauder  
  74  9:10  Marine x4  
  78  9:30  Marine  
  78  9:31  Supply Depot  
  79  9:32  Supply Depot  
  79  9:50  Terran Infantry Armor Level 2  
  79  9:51  Terran Infantry Weapons Level 2  
  79  9:56  Banshee x2  
  79  9:58  Terran Ship Weapons Level 1  
  85  10:11  Combat Shields  
  85  10:12  Command Center  
  84  10:46  Medivac x2  
  88  10:52  Supply Depot  
  88  10:56  Supply Depot  
  88  11:16  Medivac  
  90  12:20  Sensor Tower  
  90  12:28  Command Center  
  90  12:52  Terran Infantry Armor Level 3, Terran Infantry Weapons Level 3  
  90  12:56  Terran Vehicle And Ship Armor Level 2  
  90  13:01  Supply Depot  
  90  13:17  Marine x6  
  96  13:21  Medivac x2  
  100  13:34  Marine  
  100  13:35  Marine x5  
  106  13:51  Medivac x2  
  106  13:52  Marine  
  106  13:53  Marine x5  
  81  14:46  Marine x4  
  81  14:47  Marine x2  
  87  15:02  Sensor Tower  
  87  15:04  Marine x6  
  93  15:10  Starport  
  93  15:17  Sensor Tower  
  93  15:22  Marine x5  
  93  15:28  Missile Turret  
  98  15:32  Terran Ship Weapons Level 2  
  98  15:36  Hi-Sec Auto Tracking  
  98  15:46  Marine  
  98  15:47  Marine x5  
  98  15:48  Missile Turret  
  104  16:04  Marine x6  
  104  16:09  Missile Turret  
  110  16:13  Viking  
  110  16:14  Viking  
  114  16:22  Marine x6  
  120  16:32  Refinery  
  120  16:39  Marine  
  120  16:40  Marine x5  
  120  16:43  Viking  
  120  16:44  Viking  
  130  16:57  Marine  
  130  16:58  Marine x5  
  135  17:13  Viking x2  
  135  17:15  Marine  
  134  17:16  Marine x5  
  136  17:33  Marine x4  
  136  17:34  Marine x2  
  142  17:48  Terran Vehicle And Ship Armor Level 3  
  142  17:51  Marine x3  
  142  17:52  Marine x2  
  142  17:53  Marine  
  69  18:32  Sensor Tower  
  58  19:01  Viking x2  
  58  19:26  Orbital Command  
  58  19:31  Viking x2  
  62  20:01  Viking x2  
  51  20:31  Raven  
  54  21:14  Raven  
  39  22:27  Command Center  
  11  25:56  SCV  
  12  26:08  SCV  
  13  26:27  Supply Depot, SCV  
  4  28:49  Supply Depot  
Show
View Real Time Build Order
Export as new Build Order

Benoit Terran - Winner!

Build Orders:  

Get SALT Encoding   

  12  0:03  SCV  
  13  0:16  Supply Depot  
  13  0:27  Supply Depot  
  13  0:28  SCV  
  14  0:48  Barracks, SCV  
  15  1:06  SCV  
  15  1:07  Barracks  
  16  1:11  Refinery  
  16  1:18  Refinery  
  16  1:20  SCV  
  17  1:33  SCV  
  18  1:51  SCV  
  19  1:56  Marine x2  
  21  2:03  SCV  
  22  2:08  Engineering Bay  
  22  2:15  Barracks Reactor  
  22  2:19  Barracks Reactor  
  22  2:22  SCV  
  23  2:34  SCV  
  24  2:54  Marine  
  24  2:55  Marine  
  26  3:03  Orbital Command  
  25  3:12  Marine x2  
  26  3:28  Command Center  
  26  3:32  Marine x4  
  30  3:34  SCV  
  31  3:46  Terran Infantry Weapons Level 1  
  31  4:07  Missile Turret  
  31  4:20  Factory  
  31  4:26  Supply Depot  
  31  4:27  Missile Turret  
  31  4:39  SCV  
  32  4:49  Missile Turret  
  32  4:51  SCV  
  33  5:00  Marine x2  
  33  5:01  Marine x2  
  33  5:05  Factory Tech Lab  
  37  5:10  Missile Turret  
  37  5:20  Orbital Command  
  37  5:21  Marine  
  37  5:22  Marine x3  
  41  5:28  Siege Tank  
  44  5:35  Starport  
  44  5:39  Marine  
  45  5:48  Starport  
  45  5:52  Sensor Tower  
  45  6:00  Siege Tank  
  48  6:07  Supply Depot  
  48  6:08  SCV  
  49  6:20  SCV  
  49  6:22  Medivac  
  52  6:28  Medivac  
  54  6:38  Barracks  
  54  6:41  Marine x2  
  54  6:42  Marine x2  
  58  6:49  SCV  
  59  7:01  SCV  
  60  7:08  Starport Tech Lab x2, Command Center  
  60  7:13  SCV  
  61  7:17  SCV  
  62  7:24  Supply Depot  
  62  7:26  Supply Depot  
  62  7:46  SCV x2  
  64  7:58  SCV x2  
  66  8:10  SCV x2  
  68  8:13  Missile Turret  
  68  8:18  Missile Turret, Marine x2  
  68  8:19  Missile Turret, Marine x2  
  73  8:22  SCV  
  73  8:24  Barracks Tech Lab  
  73  8:26  Siege Tank  
  76  8:33  Orbital Command  
  76  8:36  Marine x4  
  76  8:38  Missile Turret, Banshee  
  76  8:39  Banshee  
  76  8:40  Cloaking Field, Missile Turret  
  86  8:41  Missile Turret  
  86  8:42  High Capacity Fuel Tanks  
  86  8:49  Starport  
  86  8:52  Starport  
  86  9:03  Missile Turret  
  86  9:26  Marine x5  
  91  9:33  Supply Depot, Starport Tech Lab  
  91  9:34  Combat Shields, Starport Tech Lab  
  91  9:43  Marine  
  92  9:52  Refinery  
  92  9:57  Supply Depot  
  92  10:02  Refinery  
  92  10:05  Refinery  
  92  10:07  Refinery  
  92  10:12  Banshee x3  
  101  10:18  Banshee  
  103  10:42  SCV  
  104  10:45  SCV  
  105  10:54  SCV  
  106  10:57  SCV  
  106  11:01  Marine x2  
  109  11:06  Supply Depot  
  109  11:28  Marine x2, Banshee x2  
  109  11:29  Marine x2, Banshee x2  
  109  11:31  Supply Depot  
  125  11:53  Supply Depot  
  122  12:15  Banshee x4  
  134  12:42  Command Center  
  134  12:55  Marine x5  
  134  12:57  Siege Tank  
  134  12:58  Banshee x4  
  154  13:29  Siege Tank  
  157  13:43  SCV  
  158  13:55  SCV  
  158  14:07  SCV  
  157  14:19  SCV  
  155  14:28  Banshee x4  
  155  14:30  Marine x4  
  155  14:31  Marine  
  124  14:48  Marine x2, Orbital Command  
  126  15:11  Banshee x2  
  126  15:12  Refinery  
  132  15:15  Widow Mine  
  132  15:20  Banshee  
  132  15:21  Banshee  
  140  15:37  Refinery  
  140  15:43  Widow Mine  
  140  15:48  Sensor Tower  
  142  15:54  Banshee x2  
  148  16:03  Banshee  
  151  16:12  Orbital Command, Widow Mine  
  151  16:14  Banshee  
  156  16:26  Missile Turret  
  156  16:36  Banshee  
  156  16:37  Banshee  
  162  16:41  Widow Mine  
  162  16:46  Missile Turret, Banshee  
  167  16:50  Marine x4  
  167  16:51  Marine  
  172  16:57  Banshee  
  175  17:06  Missile Turret  
  175  17:08  Marine x5  
  180  17:27  Missile Turret  
  180  17:47  Missile Turret  
  180  17:51  Marine x4, Widow Mine  
  180  17:55  Marine  
  99  18:09  Missile Turret, Marine x4  
  103  18:13  Marine  
  104  18:20  Widow Mine  
  104  18:27  Marine x4  
  103  18:29  Missile Turret  
  103  18:30  Banshee x3  
  103  18:31  Marine, Banshee  
  120  18:44  Marine x2  
  120  18:45  Marine x2  
  124  18:48  Widow Mine  
  124  18:49  Marine  
  118  19:13  Banshee x3  
  127  19:17  Widow Mine  
  124  19:25  Marine x5  
  124  19:28  Banshee  
  132  19:42  Marine  
  132  19:43  Marine x4  
  132  19:45  Factory  
  137  19:46  Siege Tank  
  140  19:56  Banshee x3  
  149  20:00  Marine x2  
  149  20:01  Marine x3  
  143  20:11  Banshee  
  146  20:18  Marine x3, Siege Tank  
  152  20:29  Factory  
  152  20:35  SCV  
  153  20:39  Banshee x3  
  162  20:47  SCV  
  163  20:50  Siege Tank  
  163  20:54  Banshee  
  160  20:59  SCV  
  155  21:10  Marine x4  
  155  21:11  Marine, SCV  
  161  21:14  Factory  
  155  21:23  SCV  
  156  21:28  Marine x3  
  159  21:46  Siege Tank  
  158  21:59  Factory  
  140  22:18  Siege Tank, Widow Mine x3  
  147  22:46  Widow Mine x3  
  147  22:50  Siege Tank  
  148  23:02  Command Center  
  148  23:06  SCV  
  149  23:15  Widow Mine x3  
  149  23:18  SCV  
  153  23:30  SCV  
  148  23:43  SCV  
  146  25:17  Marine  
  146  25:18  Marine x4  
  151  25:35  Marine  
  152  26:11  Orbital Command  
  152  27:01  Viking x2  
  152  27:02  Viking x2  
  160  28:27  Refinery  
  160  28:29  Refinery  
  160  29:08  Sensor Tower  
Tags
 
Add a new tag
Caveats
  • Supply blocks, unpowered buildings, or Contaminate may cause inaccurate times.
  • Supply counts are checked every 10 seconds.